 Dungeon Crawl Stone Soup version 0.24-a0-530-g18ba70b503 (webtiles) character file.

Game seed: 17972450314029610439

693 anything the Slasher (level 7, -7/50 HPs)
             Began as a Demonspawn Gladiator on Aug 7, 2019.
             Shot with an arrow by a centaur (10 damage)
             ... on level 5 of the Dungeon.
             The game lasted 00:10:44 (4334 turns).

anything the Slasher (Demonspawn Gladiator)         Turns: 4334, Time: 00:10:45

Health: -7/50      AC:  6    Str: 14    XL:     7   Next: 37%
Magic:  0/7        EV: 14    Int: 10    God:
Gold:   207        SH:  0    Dex: 16    Spells: 6/6 levels left

rFire    . . .     SeeInvis .   a - +0 long sword
rCold    . . .     Gourm    .   (no shield)
rNeg     . . .     Faith    .   m - +0 troll leather armour
rPois    .         Spirit   +   c - +0 helmet
rElec    .         Reflect  .   (no cloak)
rCorr    .         Harm     .   (no gloves)
MR       .....                  (no boots)
Stlth    +.........             (no amulet)
HPRegen  0.56/turn              l - +1 ring of protection
MPRegen  0.20/turn              (no ring)

@: lethally poisoned (-7 -> -7)
A: powered by pain 2, magic shield, magic regeneration
a: no special abilities


You were on level 5 of the Dungeon.
You were hungry.

You visited 1 branch of the dungeon, and saw 5 of its levels.

You collected 237 gold pieces.
You spent 30 gold pieces at shops.

Inventory:

Hand Weapons
 a - a +0 long sword (weapon)
 g - a +2 dagger of venom
Armour
 b - a +0 leather armour
 c - a +0 helmet (worn)
 m - a +0 troll leather armour (worn)
Jewellery
 l - a +1 ring of protection (left hand)
Wands
 d - a wand of flame (16)
 q - a wand of random effects (15)
 t - a wand of digging (4)
Scrolls
 e - 7 scrolls of identify {unknown}
 h - a scroll of noise {unknown}
 i - 2 scrolls of amnesia {unknown}
 j - a scroll of teleportation {unknown}
 k - a scroll of remove curse {unknown}
 n - a scroll of magic mapping {unknown}
 o - a scroll of random uselessness {unknown}
Potions
 s - a potion of agility
Comestibles
 f - 8 rations


   Skills:
 - Level 2.0 Fighting
 + Level 7.3 Long Blades
 - Level 1.7 Throwing
 * Level 4.0 Dodging


You had 6 spell levels left.
You didn't know any spells.
Your spell library was empty.

Dungeon Overview and Level Annotations

Branches:
Dungeon (5/15)
 Temple: D:4-7

Altars:
Ru

Shops:
D:4 =

Annotations:
D:5 3 runed translucent doors


Innate Abilities, Weirdness & Mutations

You sometimes gain power by taking damage.
When hurt, damage is shared between your health and your magic reserves.
You regenerate magic rapidly.


Message History

* * * LOW HITPOINT WARNING * * *
The centaur barely misses you.
You riposte.
You hit the centaur.
The centaur is lightly wounded.
The orc throws a boomerang.
The boomerang closely misses you.
You are too injured to fight recklessly!
You are too injured to fight recklessly!
You are too injured to fight recklessly!
You are too injured to fight recklessly!
You are too injured to fight recklessly!
You are too injured to fight recklessly!
You are too injured to fight recklessly!
You are too injured to fight recklessly!
You are too injured to fight recklessly!
Unknown command.
The orc throws a boomerang.
The boomerang completely misses you.
The weapon returns to the orc!
Okay, then.
You feel sick.
The centaur wields a +0 shortbow.
The centaur shoots an arrow.
The arrow hits you!
You die...

########################
......................>.
################@#######.#
# #.....o...# #
#cO..###### # #....# #
....#.# # .......... #
............. #
........#.##.# #
...=....#.# <#


You could see an ogre, a centaur and an orc.

Vanquished Creatures
  An ogre (D:5)
  A scorpion (D:4)
  A bullfrog zombie (D:5)
  2 hounds
  2 orc priests (D:4)
  A bullfrog skeleton (D:4)
  Ijyb (D:3)
  An orc wizard (D:4)
  3 worker ants
  3 gnolls (D:4)
  A howler monkey skeleton (D:5)
  11 adders
  2 oozes
  2 worms
  2 dart slugs
  5 leopard geckos
  8 orcs
  5 giant cockroaches
  9 goblins
  7 hobgoblins
  4 jackals
  10 kobolds
  A quokka (D:4)
  2 ball pythons
  8 bats
  6 frilled lizards
  5 rats
104 creatures vanquished.

Notes
Turn   | Place    | Note
-------+----------+-------------------------------------------
     0 | D:1      | anything the Demonspawn Gladiator began the quest for the
                  | Orb.
     0 | D:1      | Reached XP level 1. HP: 16/16 MP: 1/1
    59 | D:1      | Reached skill level 3 in Long Blades
   377 | D:1      | Gained mutation: When hurt, damage is shared between your
                  | health and your magic reserves. [demonic ancestry]
   377 | D:1      | Reached XP level 2. HP: 19/22 MP: 2/2
  1026 | D:1      | Gained mutation: You sometimes gain a little power by
                  | taking damage. [demonic ancestry]
  1026 | D:1      | Reached XP level 3. HP: 26/27 MP: 1/3
  1400 | D:2      | Reached skill level 4 in Long Blades
  1455 | D:2      | You fall into a shaft and drop 2 floors!
  1656 | D:3      | Noticed Ijyb
  1673 | D:3      | Killed Ijyb
  1673 | D:3      | Gained mutation: You regenerate magic rapidly. [demonic
                  | ancestry]
  1673 | D:3      | Reached XP level 4. HP: 19/33 MP: 1/4
  2222 | D:2      | Found a sacrificial altar of Ru.
  2273 | D:2      | Reached skill level 5 in Long Blades
  2478 | D:2      | Reached XP level 5. HP: 32/38 MP: 3/5
  3353 | D:4      | Reached skill level 6 in Long Blades
  3363 | D:4      | Reached XP level 6. HP: 19/44 MP: 3/6
  3848 | D:4      | Found Punuon's Jewellery Shoppe.
  3857 | D:4      | Bought a +1 ring of protection for 30 gold pieces
  4124 | D:5      | Entered Level 5 of the Dungeon
  4136 | D:5      | Gained mutation: You sometimes gain power by taking damage.
                  | [demonic ancestry]
  4136 | D:5      | Reached XP level 7. HP: 50/50 MP: 7/7
  4149 | D:5      | Reached skill level 7 in Long Blades
  4205 | D:5      | Found a runed translucent gate.
  4205 | D:5      | Found a runed translucent gate.
  4205 | D:5      | Found a runed translucent gate.
  4334 | D:5      | Shot with an arrow by a centaur

Levels and vault maps discovered:
D:1:      shiori_arrival_elements, layout_loops_ring, grunt_decor_one_mirror,
          minmay_fountain_box
D:2:      layout_loops_cross, old_standard_altar, first_ration
D:3:      layout_loops_corners, kennysheep_boxes, uniq_ijyb
D:4:      layout_loops_ring, serial_shops, nicolae_shop_crystal, sigmund_army
D:5:      layout_basic, minmay_temple_entry_enclosed_plants,
          gammafunk_ghost_necromancy, hex_tiny

Skill      XL: |  1  2  3  4  5  6  7 |
---------------+----------------------+-----
Long Blades    | 3 4 5 6 7 |  7.3
Dodging        | 3 4 |  4.0
Fighting       | |  2.0
Throwing       | |  1.7

Action                   |  1- 3 |  4- 6 |  7- 9 || total
-------------------------+-------+-------+-------++-------
Melee: Long sword        |    54 |   251 |    39 ||   344
       Dagger            |    53 |       |       ||    53
Throw: Throwing net      |     3 |     2 |       ||     5
  Use: Potion            |     1 |     2 |     3 ||     6
 Stab: Held in net/web   |     2 |       |       ||     2
       Sleeping          |       |     5 |       ||     5
  Eat: Chunk             |     2 |     9 |       ||    11
Armor: Leather armour    |    31 |     2 |       ||    33
       Troll leather arm |       |    73 |    16 ||    89
Dodge: Dodged            |    74 |   164 |    31 ||   269
       Rpst.: Long sword |    11 |    45 |    10 ||    66

Table legend:
 A = Non-vault XP
 B = Vault XP
 C = Vault XP percentage of total XP
 D = Non-vault monster count
 E = Vault monster count
 F = Vault count percentage of total count
                 A         B        C        D         E       F
            +---------+---------+-------+---------+---------+-------
      Total |     946 |      44 |   4.4 |      99 |       5 |   4.8
            +---------+---------+-------+---------+---------+-------
        D:1 |      45 |       0 |   0.0 |      23 |       0 |   0.0
        D:2 |      88 |       0 |   0.0 |      17 |       0 |   0.0
        D:3 |     102 |      36 |  26.1 |      27 |       1 |   3.6
        D:4 |     430 |       8 |   1.8 |      20 |       4 |  16.7
        D:5 |     281 |       0 |   0.0 |      12 |       0 |   0.0
            +---------+---------+-------+---------+---------+-------
